 Dungeon Crawl Stone Soup version 0.28.0-53-g5a82cb258f (webtiles) character file.

Game seed: 2798044227502884778

757 firemarshallily the Skirmisher (level 7, -1/56 HPs)
             Began as a Demonspawn Fighter on June 22, 2022.
             Slain by Dowan
             ... wielding a +2 dagger of electrocution
              (12 damage)
             ... on level 5 of the Dungeon.
             The game lasted 00:10:36 (3758 turns).

firemarshallily the Skirmisher (Demonspawn Fighter) Turns: 3758, Time: 00:10:37

Health: -1/56      AC: 10    Str: 18    XL:     7   Next: 50%
Magic:  7/7        EV:  9    Int: 10    God:
Gold:   201        SH: 10    Dex: 12    Spells: 6/6 levels left

rFire   . . .      SeeInvis .   a - +1 trident
rCold   . . .      Faith    .   c - +1 buckler
rNeg    . . .      Spirit   .   b - +0 scale mail
rPois   .          Reflect  .   (helmet restricted)
rElec   .          Harm     .   j - +0 cloak
rCorr   .          Rampage  .   (no gloves)
Will    .....                   (no boots)
Stlth   ..........              (no amulet)
HPRegen 0.18/turn               (no ring)
MPRegen 0.10/turn               (no ring)

@: no status effects
A: horns 1, thin metallic scales 1, condensation shield, demonic magic 1
a: no special abilities


You were on level 5 of the Dungeon.
You visited 1 branch of the dungeon, and saw 5 of its levels.

You collected 201 gold pieces.

Inventory:

Hand Weapons
 a - a +1 trident (weapon)
Missiles
 l - 65 stones (quivered)
 n - 13 poisoned darts
 p - 5 javelins
Armour
 b - a +0 scale mail (worn)
 c - a +1 buckler (worn)
 j - a +0 cloak (worn)
Wands
 o - a wand of paralysis (12)
Scrolls
 k - a scroll of magic mapping
 m - a scroll of teleportation
Potions
 e - a potion of resistance
 f - a potion of brilliance {unknown}
 g - a potion of flight {unknown}
 h - a potion of curing
 i - a potion of heal wounds {unknown}


   Skills:
 + Level 5.1 Fighting
 + Level 4.1 Polearms
 + Level 4.6 Armour
 + Level 4.6 Shields


You had 6 spell levels left.
You didn't know any spells.
Your spell library was empty.

Dungeon Overview and Level Annotations

Branches:
Dungeon (5/15)
 Temple: D:4-7

Altars:
Qazlal
Uskayaw
The Shining One

Annotations:
D:5 Dowan


Innate Abilities, Weirdness & Mutations

You have a pair of small horns on your head.
You are partially covered in thin metallic scales. (AC +2)
A meltable shield of frost defends you. (SH +4)
Spells you cast may paralyse adjacent enemies.


Message History

Duvessa is almost dead.
Duvessa hits you with a +0 short sword. The water moccasin skeleton bites you.
You puncture Duvessa!
You kill Duvessa!
You hear a distant wail of despair.
The water moccasin skeleton barely misses you.
Your Fighting skill increases to level 5!
Your Polearms skill increases to level 4!
You puncture the water moccasin skeleton!
You headbutt the water moccasin skeleton.
You destroy the water moccasin skeleton!
Dowan seems to find hidden reserves of power!
Dowan gestures wildly while chanting.
Dowan blinks!
Dowan casts a spell.
Dowan blinks!
You feel a little less mighty now. You block Dowan's attack.
You puncture Dowan! Your headbutt misses Dowan.
Dowan is moderately wounded.
Dowan gestures wildly while chanting.
Dowan blinks!
Dowan casts a spell.
Dowan blinks!
Dowan casts a spell at you. The stone arrow hits you!
* * * LOW HITPOINT WARNING * * *
Reach: a) +1 trident
Press: ? - help, Dir - move target, f - Dowan
Aim: Dowan, wielding a +2 dagger of electrocution and wearing a +0 robe (moderately wounded, fast, about 49% to evade your +1 trident)
You reach to attack!
You barely miss Dowan.
Dowan is moderately wounded.
You barely miss Dowan. Your headbutt misses Dowan.
Dowan is moderately wounded.
Dowan mumbles some strange words.
Dowan blinks!
Dowan hits you with a +2 dagger of electrocution.
* * * LOW HITPOINT WARNING * * *
You are electrocuted!
You die...

........# ........#
...$....# ........#
........###########
...........ยง......#
........)#######.##
########.# #.# #.#
#@# #.# #e# #.# #.#
#.# #.# #.# #.# #.#
#.# #.# #.#


You could see Dowan (fast).

Vanquished Creatures
  Duvessa (D:5)
  2 sky beasts
  A phantom (D:5)
  A bullfrog (D:4)
  A water moccasin skeleton (D:5)
  A hound (D:3)
  2 bullfrog skeletons (D:4)
  An iguana (D:4)
  An orc wizard (D:4)
  2 hound skeletons (D:4)
  4 adders
  An adder skeleton (D:4)
  2 worms (D:3)
  2 dart slugs
  9 orcs
  11 endoplasms
  2 giant cockroaches
  6 hobgoblins
  A quokka (D:1)
  6 ball pythons
  5 bats
  7 frilled lizards
  2 goblins (D:1)
  5 kobolds
  4 rats
80 creatures vanquished.

Vanquished Creatures (others)
  2 fungi (D:5)
  4 plants (D:5)
6 creatures vanquished.

Grand Total: 86 creatures vanquished

Notes
Turn   | Place    | Note
-------+----------+-------------------------------------------
     0 | D:1      | firemarshallily the Demonspawn Fighter began the quest for
                  | the Orb.
     0 | D:1      | Reached XP level 1. HP: 18/18 MP: 1/1
   290 | D:1      | Gained mutation: You have a pair of small horns on your
                  | head. [demonic ancestry]
   290 | D:1      | Reached XP level 2. HP: 24/24 MP: 2/2
   830 | D:2      | Identified the +1 morningstar of Iconoclasm {vorpal, rN+
                  | Dex+2}
   881 | D:2      | Gained mutation: You are partially covered in thin metallic
                  | scales. (AC +2) [demonic ancestry]
   881 | D:2      | Reached XP level 3. HP: 29/29 MP: 3/3
  1021 | D:2      | Found a faded altar of an unknown god.
  1582 | D:3      | Gained mutation: Spells you cast may paralyse adjacent
                  | enemies. [demonic ancestry]
  1582 | D:3      | Reached XP level 4. HP: 33/35 MP: 4/4
  1851 | D:3      | Noticed a sky beast
  1872 | D:3      | Killed a sky beast
  1873 | D:3      | Reached skill level 4 in Fighting
  1873 | D:3      | Reached XP level 5. HP: 20/42 MP: 5/5
  2627 | D:4      | Reached XP level 6. HP: 39/48 MP: 6/6
  3324 | D:4      | Found a hide-covered altar of Uskayaw.
  3324 | D:4      | Found a stormy altar of Qazlal.
  3571 | D:5      | Entered Level 5 of the Dungeon
  3600 | D:5      | Gained mutation: A meltable shield of frost defends you.
                  | (SH +4) [demonic ancestry]
  3600 | D:5      | Reached XP level 7. HP: 38/55 MP: 7/7
  3697 | D:5      | Noticed Dowan
  3706 | D:5      | Noticed Duvessa
  3726 | D:5      | Killed Duvessa
  3727 | D:5      | Reached skill level 5 in Fighting
  3758 | D:5      | Slain by Dowan

Illustrated notes

Levels and vault maps discovered:
D:1:      lightli_arrival_windingriver, layout_loops_ring, minmay_tall_x
D:2:      layout_loops_ring, shapermc_ecumenical_altar_pompeii,
          chequers_serial_rivers_large_a
D:3:      layout_loops_ring
D:4:      layout_loops_cross, general_overflow_altar,
          gammafunk_temple_overflow_wave, minmay_distorted
D:5:      layout_basic, mainiacjoe_overflow_chevrons, serial_bayou_pond_a,
          kennysheep_big_empty_room, uniq_duvessa, uniq_sigmund, uniq_pikel

Skill      XL: |  1  2  3  4  5  6  7 |
---------------+----------------------+-----
Polearms       | 2 3 4 |  4.1
Armour         | 3 4 |  4.6
Shields        | 3 4 |  4.6
Fighting       | 4 5 |  5.1

Action                   |  1- 3 |  4- 6 |  7- 9 || total
-------------------------+-------+-------+-------++-------
Melee: Trident           |   109 |   135 |    30 ||   274
       Headbutt          |    13 |    23 |     4 ||    40
Throw: Stone             |     1 |     4 |       ||     5
  Use: Scroll            |     6 |     3 |       ||     9
       Potion            |       |       |     2 ||     2
Armor: Scale mail        |    31 |    47 |    18 ||    96
Dodge: Dodged            |    26 |    40 |     8 ||    74
Block: Buckler           |    19 |    33 |    23 ||    75
